 Dungeon Crawl Stone Soup version 0.28-a0-21-gf74fda84f9 (webtiles) character file.

Game seed: 13145174906787409504

168 lmSkywalker the Chiller (level 5, -2/38 HPs)
             Began as a Draconian Ice Elementalist on July 26, 2021.
             Succumbed to a scorpion's poison
             ... on level 1 of the Dungeon.
             The game lasted 00:11:24 (2697 turns).

lmSkywalker the Chiller (DrIE)                      Turns: 2697, Time: 00:11:25

Health: -2/38      AC:  5    Str: 10    XL:     5   Next: 23%
Magic:  4/10       EV: 12    Int: 16    God:
Gold:   52         SH:  0    Dex: 12    Spells: 9/10 levels left

rFire   . . .      SeeInvis .   e - +0 short sword
rCold   . . .      Faith    .   (no shield)
rNeg    . . .      Spirit   .   (armour unavailable)
rPois   .          Reflect  .   (helmet restricted)
rElec   .          Harm     .   (no cloak)
rCorr   .          Rampage  .   (no gloves)
Will    .....                   (no boots)
Stlth   ++........              (no amulet)
HPRegen 0.12/turn               c - ring of flight
MPRegen 0.12/turn               (no ring)

@: lethally poisoned (-2 -> -10), flying
A: AC +5, unfitting armour, cold-blooded
a: no special abilities


You were on level 1 of the Dungeon.
You visited 1 branch of the dungeon, and saw 2 of its levels.

You collected 52 gold pieces.

Inventory:

Hand Weapons
 e - a +0 short sword (weapon)
Missiles
 b - 70 stones (quivered)
 h - a throwing net
Armour
 a - a +0 buckler
Jewellery
 c - a ring of flight (left hand)
Scrolls
 f - a scroll of fog {unknown}
 g - a scroll of teleportation {unknown}


   Skills:
 + Level 3.1 Dodging
 - Level 1.7 Stealth
 + Level 3.3 Spellcasting
 + Level 5.0 Ice Magic


You had 9 spell levels left.
You knew the following spells:

 Your Spells              Type           Power      Damage    Failure   Level
a - Freeze                Ice            72%        1d9       2%          1

Your spell library contained the following spells:

 Spells                   Type           Power      Damage    Failure   Level
 Frozen Ramparts          Ice            36%        1d5       7%          3
 Ozocubu's Armour         Ice            18%        N/A       7%          3
 Hailstorm                Conj/Ice       10%        3d5       54%         4


Dungeon Overview and Level Annotations

Branches:
Dungeon (2/15)

Altars:
Qazlal

Annotations:
D:1 exclusion: door


Innate Abilities, Weirdness & Mutations

Your plain brown scales are hard. (AC +5)
You cannot fit into any form of body armour.
You are cold-blooded and may be slowed by cold attacks.


Message History

Aiming: Freeze (safe; 2% risk of failure)
Press: ? - help, Shift-Dir - straight line, f/p - scorpion
Aim: a scorpion (moderately wounded)
You freeze the scorpion.
The scorpion is severely wounded.
You feel sick. The scorpion stings you.
You are lethally poisoned!
The scorpion poisons you! The scorpion closely misses you.
Casting: Freeze (safe; 2% risk of failure)
Confirm with . or Enter, or press ? or * to list all spells.
Aiming: Freeze (safe; 2% risk of failure)
Press: ? - help, Shift-Dir - straight line, f/p - scorpion
Aim: a scorpion (severely wounded)
You freeze the scorpion.
The scorpion is almost dead.
You feel very sick.
The scorpion stings you but does no damage.
Casting: Freeze (safe; 2% risk of failure)
Confirm with . or Enter, or press ? or * to list all spells.
Aiming: Freeze (safe; 2% risk of failure)
Press: ? - help, Shift-Dir - straight line, f/p - scorpion
Aim: a scorpion (almost dead)
You freeze the scorpion.
You kill the scorpion!
You feel very sick.
The goblin shoots a stone.
The stone hits you.
* * * LOW HITPOINT WARNING * * *
Your Dodging skill increases to level 3!
Your Ice Magic skill increases to level 5!
You have reached level 5!
* * * LOW HITPOINT WARNING * * *
You feel very sick.
The goblin shoots a stone.
The stone closely misses you.
There is a stone staircase leading up here.
* * * LOW HITPOINT WARNING * * *
You feel sick.
The goblin shoots a stone.
The stone hits you but does no damage.
You fly upwards.
Level annotation: exclusion: door You die...

########### #.........#
#.#######.# #.# #.# #.#
#####.# #[# #..)..#
#######
##.################.....#
...............)@##.##.##
##.#############.##.##.#
##..................##.#
....############.#####.##
....'...................#
....############.########
....# #.# ....# #.# ##..#
#.#


There were no monsters in sight!

Vanquished Creatures
  A scorpion (D:2)
  An orc wizard (D:2)
  3 gnolls
  A dart slug (D:2)
  4 orcs
  2 bats (D:1)
  3 endoplasms (D:1)
  3 giant cockroaches
  5 goblins
  3 hobgoblins
  2 jackals (D:1)
  6 kobolds
  3 quokkas
  6 ball pythons
  A frilled lizard (D:2)
  A rat (D:1)
45 creatures vanquished.

Notes
Turn   | Place    | Note
-------+----------+-------------------------------------------
     0 | D:1      | lmSkywalker the Draconian Ice Elementalist began the quest
                  | for the Orb.
     0 | D:1      | Reached XP level 1. HP: 14/14 MP: 3/3
   484 | D:1      | Reached XP level 2. HP: 20/20 MP: 1/5
  1143 | D:1      | Found a faded altar of an unknown god.
  1373 | D:2      | Reached XP level 3. HP: 26/26 MP: 4/6
  2020 | D:2      | Noticed a scorpion
  2039 | D:2      | Reached XP level 4. HP: 33/33 MP: 4/8
  2308 | D:2      | Found a stormy altar of Qazlal.
  2694 | D:2      | Killed a scorpion
  2695 | D:2      | Reached skill level 5 in Ice Magic
  2695 | D:2      | Reached XP level 5. HP: 6/38 MP: 3/10
  2696 | D:2      | HP: 1/38 [poisoned by a scorpion]
  2697 | D:1      | Succumbed to a scorpion's poison

Illustrated notes

Levels and vault maps discovered:
D:1:      sevenhm_arrival_forest_fort_small_5, layout_basic,
          shapermc_ecumenical_altar_pompeii, dk_noncrumbling_4
D:2:      layout_loops_ring, basic_altar

Skill      XL: |  1  2  3  4 |
---------------+-------------+-----
Dodging        | 2 3 |  3.1
Spellcasting   | 3 |  3.3
Ice Magic      | 5 |  5.0
Stealth        | |  1.7

Action                   |  1- 3 |  4- 6 || total
-------------------------+-------+-------++-------
Melee: Unarmed           |     5 |       ||     5
       Short sword       |    16 |     2 ||    18
       Tailslap          |     2 |       ||     2
Throw: Stone             |    18 |    29 ||    47
 Cast: Freeze            |    60 |    22 ||    82
  Use: Potion            |       |     1 ||     1
 Stab: Sleeping          |     1 |     1 ||     2
Armor: Skin              |    21 |     5 ||    26
Dodge: Dodged            |    29 |    19 ||    48

Table legend: (Time is in decaauts)
 A = Elapsed time spent in this place.
 B = Non-inter-level travel time spent in this place.
 C = Inter-level travel time spent in this place.
 D = Time resting spent in this place.
 E = Time spent auto-exploring this place.
 F = Levels seen in this place.
 G = Mean time per level.
                   A        B        C        D        E       F      G
               +--------+--------+--------+--------+--------+-----+--------+
         Total |   2713 |   2528 |    185 |    698 |    687 |   2 | 1356.5 |
       Dungeon |   2713 |   2528 |    185 |    698 |    687 |   2 | 1356.5 |
               +--------+--------+--------+--------+--------+-----+--------+

Top non-repeatable levels by time:
     D:1: 1591 daAuts
     D:2: 1122 daAuts
